 Dungeon Crawl Stone Soup version 0.31-a0-986-g5e6e4ef867 (webtiles) character file.

Game seed: 1455239099054459287

1769 FakeRyeBread the Grappler (level 8, -5/75 (80) HPs)
             Began as a Troll Fighter on Nov 10, 2023.
             Was an Initiate of Wu Jian.
             Slain by an ice beast (6 damage)
             ... on level 7 of the Dungeon.
             The game lasted 00:09:04 (4176 turns).

FakeRyeBread the Grappler (Troll Fighter)           Turns: 4176, Time: 00:09:06

HP:   -5/75 (80)    AC:  4    Str: 31    XL:     8   Next: 80%
MP:   0/7           EV:  9    Int:  6    God:    Wu Jian [......]
Gold: 219           SH:  9    Dex:  9    Spells: 7/7 levels left

rFire   . .          .
                       - Unarmed
rCold   . . .        b - +1 kite shield
rNeg    . . .        a - +0 robe
rPois   .            (helmet restricted)
rElec   .            (no cloak)
rCorr   .            (gloves unavailable)
SInv    .            (boots unavailable)
Will    +....        p - amulet of guardian spirit
Stlth   +            e - ring of willpower
HPRegen 1.12/turn    f - +6 ring of strength
MPRegen 0.10/turn

%: guardian spirit
@: drained
A: large, unfitting armour, claws 3, regeneration 1, shaggy fur 1, tough skin 1
a: Renounce Religion


You were on level 7 of the Dungeon.
You worshipped Wu Jian.
Wu Jian was noncommittal.
You visited 1 branch of the dungeon, and saw 7 of its levels.

You collected 241 gold pieces.
You spent 22 gold pieces at shops.

Inventory:

Armour
 a - a +0 robe (worn)
 b - a +1 kite shield (worn)
Jewellery
 e - a ring of willpower (left claw)
 f - a +6 ring of strength (right claw)
 h - a ring of protection from cold
 p - an amulet of guardian spirit (around neck)
Wands
 i - a wand of charming (16)
 n - a wand of quicksilver (8)
 s - a wand of flame (30)
Scrolls
 m - 3 scrolls of teleportation
Potions
 c - a potion of might
 d - 2 potions of enlightenment {unknown}
 g - a potion of mutation
 j - a potion of brilliance {unknown}
 k - a potion of attraction {unknown}
 l - 2 potions of curing
 o - a potion of invisibility {unknown}
 q - a potion of berserk rage {unknown}
 r - a potion of cancellation {unknown}
 t - a potion of magic {unknown}
 u - a potion of heal wounds {unknown}
 v - 2 potions of haste {unknown}
 x - a potion of resistance {unknown}


   Skills:
 + Level 5.3 Fighting
 - Level 2.4 Dodging
 + Level 5.8 Shields
 * Level 8.3 Unarmed Combat


You had 7 spell levels left.
You didn't know any spells.
Your spell library contained the following spells:

 Spells                   Type           Power      Damage    Failure   Level
 Apportation              Tloc           0%         N/A       65%         1
 Freeze                   Ice            0%         1d3       65%         1
 Jinxbite                 Hex            0%         N/A       78%         2
 Frozen Ramparts          Ice            0%         1d1       95%         3
 Hailstorm                Conj/Ice       0%         3d3       95%         3
 Summon Guardian Golem    Hex/Summ       0%         N/A       95%         3
 Alistair's Intoxication  Tmut/Pois      0%         N/A       100%        5
 Orb of Destruction       Conj           0%         9d5       100%        7
 Spellforged Servitor     Conj/Summ      0%         N/A       100%        7


Dungeon Overview and Level Annotations

Branches:
Dungeon (7/15)             Temple (0/1) D:6

Altars:
Hepliaklqana
Makhleb
Qazlal
Wu Jian
Yredelemnul
The Shining One

Shops:
D:1 *   D:2 =

Annotations:
D:7 Jeremiah


Innate Abilities, Weirdness & Mutations

You are too large for most types of armour.
You have claws for hands.
Your natural rate of healing is unusually fast.
You are covered in fur. (AC +1)
You have tough skin. (AC +1)


Message History

The Council accepts your kill. The ice beast closely misses you.
You block Jeremiah's attack.
You scratch the ice beast but do no damage.
The ice beast hits you. The ice beast freezes you. You block Jeremiah's attack.
You barely miss the ice beast. The ice beast hits you.
The ice beast freezes you! You block Jeremiah's attack.
You barely miss the ice beast.
The ice beast hits you but does no damage.
Jeremiah cries, "Fearful master, protect me!"
Something smites you!
* * * LOW HITPOINT WARNING * * *
It was a potion of curing.
You feel better. The ice beast closely misses you.
Jeremiah hits you but does no damage.
You feel drained. The ice beast completely misses you.
The ice beast closely misses you.
You barely miss the ice beast. The ice beast hits you.
The ice beast freezes you!
* * * LOW HITPOINT WARNING * * *
You closely miss the ice beast.
The ice beast hits you but does no damage.
You barely miss the ice beast.
Jeremiah hits you from afar with a +4 trident of draining.
* * * LOW HITPOINT WARNING * * *
You feel drained. You block the ice beast's attack.
You closely miss the ice beast.
The butterfly disappears in a burst of colours!
Jeremiah hits you from afar with a +4 trident of draining!
* * * LOW HITPOINT WARNING * * *
You feel drained.
* * * LOW HITPOINT WARNING * * *
You block the ice beast's attack.
Unknown command.
You feel better.
Jeremiah mumbles a slurred invocation.
Something smites you!
* * * LOW HITPOINT WARNING * * *
The ice beast hits you.
* * * LOW HITPOINT WARNING * * *
The ice beast freezes you.
You die...

+# ###b# ###.b.#
###b..#..#
#####bbF####.#
###.#...#'#Y@# .#
###...##.##bFb.# #
###...#..#..#bb#..#
#...####.##.##b...#
. ..###
+..#..#..###.. .##
##.##.####...# ..#
#..#..#...# #.##
##.##...# #..#
###...'.###


You could see Jeremiah and an ice beast.

Vanquished Creatures
  A black bear (D:5)
  2 ice beasts (D:6)
  2 sky beasts (D:6)
  2 ogres
  A kobold brigand (D:6)
  2 bullfrogs
  3 scorpions
  8 hounds
  3 orc priests (D:4)
  3 jellies
  Jessica (D:2)
  4 iguanas
  3 orc wizards
  2 hound zombies (D:3)
  A howler monkey zombie (D:3)
  2 adders
  2 shadow imps (D:6)
  A white imp (D:6)
  An adder zombie (D:3)
  3 worms
  3 dart slugs
  9 orcs
  5 bats
  3 endoplasms
  3 giant cockroaches (D:4)
  6 goblins
  8 hobgoblins
  4 jackals (D:4)
  3 quokkas
  A ball python (D:4)
  2 frilled lizards
  8 kobolds
102 creatures vanquished.

Notes
Turn   | Place    | Note
-------+----------+-------------------------------------------
     0 | D:1      | FakeRyeBread the Troll Fighter began the quest for the Orb.
     0 | D:1      | Reached XP level 1. HP: 22/22 MP: 0/0
   173 | D:1      | Found a faded altar of an unknown god.
   183 | D:1      | Reached XP level 2. HP: 25/29 MP: 1/1
   566 | D:1      | Found Liusirae's General Store.
   571 | D:1      | Bought a scroll of identify for 22 gold pieces
   944 | D:2      | Found Dozooj's Jewellery Shoppe.
  1005 | D:2      | Noticed Jessica
  1011 | D:2      | Killed Jessica
  1012 | D:2      | Reached skill level 3 in Unarmed Combat
  1012 | D:2      | Reached XP level 3. HP: 30/36 MP: 2/2
  1058 | D:2      | Identified the +0 dagger of Ambiguity {antimagic, rN+}
  1259 | D:3      | Found a basalt altar of Yredelemnul.
  1262 | D:3      | Reached XP level 4. HP: 42/44 MP: 3/3
  1346 | D:3      | Found a burning altar of Makhleb.
  1346 | D:3      | Noticed a blizzard demon
  1862 | D:4      | Reached XP level 5. HP: 53/53 MP: 4/4
  1866 | D:4      | Reached skill level 4 in Unarmed Combat
  2149 | D:4      | Reached XP level 6. HP: 46/61 MP: 5/5
  2154 | D:4      | Reached skill level 5 in Unarmed Combat
  2185 | D:4      | Found a stormy altar of Qazlal.
  2401 | D:5      | Entered Level 5 of the Dungeon
  2463 | D:4      | Reached XP level 7. HP: 28/68 MP: 6/6
  2664 | D:5      | Found an ornate altar of the Wu Jian Council.
  2678 | D:5      | Became a worshipper of the Wu Jian Council
  2716 | D:5      | Reached skill level 6 in Unarmed Combat
  3515 | D:6      | Reached skill level 5 in Shields
  3515 | D:6      | Reached XP level 8. HP: 51/79 MP: 2/7
  3568 | D:6      | Reached skill level 7 in Unarmed Combat
  3582 | D:6      | Found a hazy altar of Hepliaklqana.
  3594 | D:6      | Reached skill level 5 in Fighting
  3637 | D:6      | Found a staircase to the Ecumenical Temple.
  3898 | D:6      | Found a glowing golden altar of the Shining One.
  3963 | D:6      | Reached skill level 8 in Unarmed Combat
  4154 | D:7      | Noticed Jeremiah
  4176 | D:7      | HP: 1/75 [ice beast (3)]
  4176 | D:7      | Slain by an ice beast

Illustrated notes

Levels and vault maps discovered:
D:1:      nicolae_arrival_washed_ashore, layout_basic,
          hellmonk_ecumenical_altar_run_dry, serial_shops,
          nicolae_shop_pleasant_corner_grove, minmay_misc_feat_more_columns,
          kennysheep_nondescript
D:2:      layout_basic, serial_shops, nicolae_diamond_shop, uniq_jessica
D:3:      layout_loops_ring, nicolae_yredelemnul_corpse_copse,
          makhleb_altar_promises_db
D:4:      layout_rooms, nicolae_qazlal_scattered_showers
D:5:      layout_cave_pods, nicolae_overflow_crystal_walls,
          minmay_misc_feat_diagonals
D:6:      layout_loops_ring, nicolae_tso_swordbearing_angel,
          minmay_temple_entry_statues_pillars, minmay_ruined_shrine
D:7:      minmay_skewed_foursquare, layout_loops_corners, ldierk_geyser,
          hangedman_abyss_or_decor_jellyfish_corner, uniq_jeremiah

Skill      XL: |  1  2  3  4  5  6  7  8 |
---------------+-------------------------+-----
Shields        | 3 4 5 |  5.8
Unarmed Combat | 3 4 5 6 8 |  8.3
Fighting       | 3 4 5 |  5.3
Dodging        | |  2.4

Action                     |  1- 3 |  4- 6 |  7- 9 || total
---------------------------+-------+-------+-------++-------
  Melee: Unarmed           |    59 |   141 |   115 ||   315
Ability: Lunge             |       |       |     4 ||     4
    Use: Scroll            |     3 |     3 |     3 ||     9
         Potion            |       |       |     2 ||     2
 Armour: Robe              |    38 |   105 |    63 ||   206
  Dodge: Dodged            |    20 |    62 |    35 ||   117
  Block: Kite shield       |    29 |    76 |    47 ||   152

Table legend: (Time is in decaauts)
 A = Elapsed time spent in this place.
 B = Non-inter-level travel time spent in this place.
 C = Inter-level travel time spent in this place.
 D = Time resting spent in this place.
 E = Time spent auto-exploring this place.
 F = Levels seen in this place.
 G = Mean time per level.
                   A        B        C        D        E       F      G
               +--------+--------+--------+--------+--------+-----+--------+
         Total |   4177 |   3983 |    194 |    245 |   3053 |   7 |  596.7 |
       Dungeon |   4177 |   3983 |    194 |    245 |   3053 |   7 |  596.7 |
               +--------+--------+--------+--------+--------+-----+--------+

Top non-repeatable levels by time:
     D:1: 942 daAuts
     D:5: 866 daAuts
     D:6: 722 daAuts
     D:4: 674 daAuts
     D:3: 575 daAuts
     D:2: 309 daAuts
     D:7: 88 daAuts
